 Dungeon Crawl Stone Soup version 0.26.1-11-gd32895ea62 (webtiles) character file.

Game seed: 8190245578819894101

11 Zeld the Insei (level 2, 0/17 (18) HPs)
             Began as an Octopode Transmuter on May 27, 2021.
             Slain by a jackal (1 damage)
             ... on level 2 of the Dungeon.
             The game lasted 00:00:21 (109 turns).

Zeld the Insei (Octopode Transmuter)                 Turns: 109, Time: 00:00:22

HP:   0/17 (18)     AC:  1    Str:  9    XL:     2   Next: 25%
MP:   4/5           EV: 13    Int: 15    God:
Gold: 0             SH:  0    Dex: 12    Spells: 2/5 levels left

rFire    . . .     SeeInvis .     - Unarmed
rCold    . . .     Faith    .   (no shield)
rNeg     . . .     Spirit   .   (helmet currently unavailable)
rPois    .         Reflect  .   (no amulet)
rElec    .         Harm     .   (no ring)
rCorr    .         Rampage  .   (no ring)
Will     .....                  (no ring)
Stlth    ++........             (no ring)
HPRegen  0.05/turn              (no ring)
MPRegen  0.09/turn              (no ring)
                                (no ring)
                                (no ring)

@: appendages, drained
A: almost no armour, stealthy swim, amphibious, 8 rings, constrict 8, tentacle
spike 3, camouflage 1, gelatinous body 1
a: End Transformation


You were on level 2 of the Dungeon.
One of your tentacles had a temporary spike.
You visited 1 branch of the dungeon, and saw 2 of its levels.

Inventory:

Potions
 a - a potion of heal wounds {unknown}


   Skills:
 + Level 1.3 Fighting
 + Level 2.1 Dodging
 - Level 3.0 Unarmed Combat
 * Level 2.2 Spellcasting
 * Level 2.2 Transmutations


You had 2 spell levels left.
You knew the following spells:

 Your Spells              Type           Power        Failure   Level
a - Beastly Appendage     Tmut           16%          9%          1
b - Wereblood             Tmut           8%           13%         2

Your spell library contained the following spells:

 Spells                   Type           Power        Failure   Level
 Spider Form              Tmut/Pois      2%           38%         3
 Ice Form                 Ice/Tmut       5%           80%         4
 Blade Hands              Tmut           4%           93%         5


Dungeon Overview and Level Annotations

Branches:
Dungeon (2/15)

Altars:


Innate Abilities, Weirdness & Mutations

You cannot wear most types of armour.
You are very stealthy in the water. (Stealth+)
You are amphibious.
You can wear up to eight rings at the same time.
You can use your tentacles to constrict eight enemies at once.
Your skin changes colour to match your surroundings (Stealth+).
Your rubbery body absorbs attacks. (AC +1, EV +1)
One of your tentacles bears a large vicious spike.


Message History

The jackal bites you.
* * * LOW HITPOINT WARNING * * *
A jackal comes into view.
You tentacle-slap the jackal but do no damage.
You grab the jackal.
You constrict the jackal, but do no damage.
The jackal closely misses you.
You barely miss the jackal. You constrict the jackal.
The jackal bites you but does no damage.
The jackal closely misses you.
You barely miss the jackal. You squeeze the jackal.
You kill the jackal!
The jackal bites you.
* * * LOW HITPOINT WARNING * * *
Unknown command.
You tentacle-slap the jackal. Your grab misses the jackal.
Your squeeze misses the jackal.
The jackal is severely wounded.
The jackal bites you.
You die...

....♣♣ .# .....♣♣
...#.## ......♣
#..... ....... #.##.#
....... #
#.##.####.......
#.####......#h.....P.
P...#......h@..P.P♣
♣.PP)........♣.♣P
P♣.♣..†....P♣
♣♣.♣P.........♣♣
♣.PP.<........♣
♣♣............♣
.....#..........PP
##....#..........P.
#.....#...........


You could see 2 jackals.

Vanquished Creatures
  A worm (D:2)
  A goblin (D:2)
  A jackal (D:2)
  2 kobolds
  A quokka (D:2)
  A rat (D:1)
7 creatures vanquished.

Notes
Turn   | Place    | Note
-------+----------+-------------------------------------------
     0 | D:1      | Zeld the Octopode Transmuter began the quest for the Orb.
     0 | D:1      | Reached XP level 1. HP: 13/13 MP: 3/3
    76 | D:2      | Reached XP level 2. HP: 16/18 MP: 5/5
    83 | D:2      | Learned a level 2 spell: Wereblood
   109 | D:2      | Slain by a jackal

Illustrated notes

Levels and vault maps discovered:
D:1:      amcnicky_arrival_flooded_fountain, layout_rooms, serial_forest,
          infiniplex_forest_clump_large, infiniplex_forest_clump_small,
          infiniplex_forest_straight_4, infiniplex_forest_join,
          infiniplex_forest_end_1, infiniplex_forest_clump_small
D:2:      layout_rooms, serial_forest, infiniplex_forest_zigzag_1,
          infiniplex_forest_clump_long, infiniplex_forest_pool,
          infiniplex_forest_clump_large, infiniplex_forest_straight_5,
          infiniplex_forest_straight_4, infiniplex_forest_straight_2,
          infiniplex_forest_lined_room_2, cheibriados_altar_1,
          uniq_crazy_yiuf_cottage, uniq_jessica

Action                   || total
-------------------------++-------
Melee: Unarmed           ||    19
       Constrict         ||     4
       Kick              ||     3
       Tentacles         ||     3
 Cast: Beastly Appendage ||     4
 Stab: Sleeping          ||     1
Armor: Skin              ||     2
Dodge: Dodged            ||     8
